Map: Vaani Research Station (Void)

Players

fropez

  • Race: Protoss Protoss
  • League: Gold
  • Spawn Location: 6:00

Kron - Winner!

  • Race: Terran Terran
  • League: Gold
  • Spawn Location: 12:00

VOD

Have the link to the VOD?

Description

Time

  • Played on: Dec. 14, 2016, 5:55 p.m.
  • Length: 8:54
Show
View Real Time Build Order
Export as new Build Order

fropez Protoss 

Build Orders:  

Get SALT Encoding   

  12  0:01  Probe (Chrono Boost)  
  13  0:11  Probe (Chrono Boost)  
  14  0:21  Pylon  
  14  0:22  Probe (Chrono Boost)  
  15  0:39  Probe (Chrono Boost)  
  15  0:41  Gateway  
  16  0:47  Assimilator  
  17  0:50  Probe (Chrono Boost)  
  17  1:00  Probe (Chrono Boost)  
  18  1:11  Probe (Chrono Boost)  
  19  1:21  Probe (Chrono Boost)  
  19  1:25  Assimilator  
  20  1:29  Cybernetics Core  
  20  1:34  Pylon  
  20  1:37  Probe (Chrono Boost)  
  21  1:48  Probe (Chrono Boost)  
  22  1:58  Probe (Chrono Boost)  
  23  2:05  Nexus  
  23  2:10  Pylon  
  23  2:13  Warp Gate  
  23  2:26  Mothership Core (Chrono Boost)  
  23  2:29  Stalker  
  27  2:44  Probe (Chrono Boost)  
  27  2:50  Pylon  
  28  2:57  Probe (Chrono Boost)  
  29  3:06  Pylon  
  29  3:08  Probe (Chrono Boost)  
  30  3:16  Stalker  
  30  3:18  Probe (Chrono Boost)  
  33  3:21  Probe (Chrono Boost)  
  33  3:23  Stargate  
  34  3:29  Probe (Chrono Boost)  
  34  3:33  Assimilator  
  35  3:37  Assimilator  
  35  3:41  Stargate  
  35  4:13  Oracle  
  38  4:27  Probe (Chrono Boost)  
  38  4:28  Stalker  
  41  4:32  Probe (Chrono Boost)  
  41  4:35  Oracle  
  41  4:38  Probe (Chrono Boost)  
  46  4:46  Protoss Air Weapons Level 1  
  46  4:54  Forge  
  46  4:55  Pylon  
  46  5:00  Gateway  
  46  5:04  Stalker  
  48  5:09  Probe (Chrono Boost)  
  48  5:10  Probe (Chrono Boost)  
  50  5:14  Protoss Ground Weapons Level 1  
  50  5:21  Oracle  
  50  5:26  Oracle  
  50  5:50  Stalker  
  50  5:52  Oracle  
  57  6:19  Probe x2 (Chrono Boost), Stalker x2  
  57  6:25  Oracle  
  61  6:29  Oracle  
  61  6:31  Probe (Chrono Boost)  
  68  6:36  Gateway  
  68  6:37  Pylon  
  68  6:39  Pylon  
  66  6:42  Pylon  
  66  6:43  Stalker  
  66  6:44  Pylon  
  66  6:50  Photon Cannon  
  56  7:12  Stalker x2  
  61  7:16  Probe (Chrono Boost)  
  52  7:37  Probe (Chrono Boost)  
  52  7:40  Stalker x2  
  50  7:49  Probe (Chrono Boost)  
Show
View Real Time Build Order
Export as new Build Order

Kron Terran - Winner!

Build Orders: Reaper Expand 

Get SALT Encoding   

  12  0:01  SCV  
  13  0:13  SCV  
  14  0:19  Supply Depot  
  14  0:25  SCV  
  15  0:41  SCV  
  16  0:43  Barracks  
  16  0:47  Refinery  
  16  0:53  SCV  
  17  1:05  SCV  
  18  1:17  SCV  
  19  1:38  Reaper  
  20  1:45  Command Center  
  20  1:54  Orbital Command  
  20  2:00  Supply Depot  
  20  2:20  Barracks Reactor  
  20  2:34  Factory  
  20  2:36  Refinery  
  20  2:37  Engineering Bay  
  20  2:38  SCV  
  21  2:50  SCV  
  22  2:57  Marine x2  
  24  3:15  Marine x2  
  24  3:18  Missile Turret  
  26  3:22  Factory Tech Lab  
  26  3:26  Starport  
  26  3:57  Marine x2  
  28  4:05  Orbital Command  
  28  4:08  Medivac  
  30  4:11  Siege Tank  
  30  4:15  Barracks  
  33  4:24  Marine x2  
  34  4:32  Missile Turret  
  34  4:35  Liberator  
  34  4:49  Marine x2  
  39  5:02  SCV x2  
  39  5:04  Barracks Tech Lab  
  42  5:14  SCV  
  42  5:18  SCV  
  42  5:21  Command Center  
  43  5:26  SCV  
  44  5:30  SCV  
  44  5:34  Stimpack  
  45  5:38  SCV  
  46  5:44  SCV  
  46  5:54  Starport Reactor  
  46  6:11  SCV  
  46  6:14  SCV  
  46  6:28  Supply Depot  
  46  6:31  Supply Depot  
  46  6:32  Marine x3, SCV x2  
  51  6:45  SCV x2  
  53  6:53  Refinery  
  53  6:55  Refinery  
  46  7:11  Viking  
  48  7:18  Marine x2  
  48  7:21  SCV  
  49  7:36  Marine x2  
  50  7:46  Medivac  
  52  7:53  Marine  
  52  7:54  Marine  
  48  8:09  Marine  
  48  8:11  Marine x2  
  48  8:12  Planetary Fortress  
  51  8:26  Marine  
  52  8:33  Marine  
  53  8:51  Starport Reactor  
Tags
 
Add a new tag
Caveats
  • Supply blocks, unpowered buildings, or Contaminate may cause inaccurate times.
  • Supply counts are checked every 10 seconds.